 Dungeon Crawl Stone Soup version 0.28-a0-1184-g53156a8862 (webtiles) character file.

Game seed: 8709168746454879618

6118 bearlyready the Destroyer (level 10, -6/69 HPs)
             Began as a Yellow Draconian Conjurer on Dec 17, 2021.
             Was an Initiate of Gozag.
             Mangled by a hornet (7 damage)
             ... on level 8 of the Dungeon.
             The game lasted 00:20:38 (13113 turns).

bearlyready the Destroyer (DrCj)                   Turns: 13113, Time: 00:20:39

Health: -6/69      AC:  9    Str:  8 (10) XL:     10   Next: 59%
Magic:  15/22      EV: 11    Int: 22 (23) God:    Gozag
Gold:   379        SH:  0    Dex:  6 (9)  Spells: 6/13 levels left

rFire   . . .      SeeInvis +   H - +2 whip (elec)
rCold   . . .      Faith    .   (no shield)
rNeg    . . .      Spirit   .   (armour unavailable)
rPois   .          Reflect  .   h - +1 hat {SInv}
rElec   .          Harm     .   I - +0 cloak
rCorr   +          Rampage  .   (no gloves)
Will    .....                   (no boots)
Stlth   +.........              m - amulet of the acrobat
HPRegen 0.21/turn               t - ring of magical power
MPRegen 0.18/turn               (no ring)

@: lethally poisoned (-6 -> -11), mesmerised, slowed, very slow
A: spit acid, AC +7, unfitting armour, cold-blooded, acid resistance
a: Breathe Acid, Renounce Religion, Potion Petition, Call Merchant, Bribe Branch


You were on level 8 of the Dungeon.
You worshipped Gozag.
Gozag was aware of your devotion.
You visited 2 branches of the dungeon, and saw 11 of its levels.

You collected 660 gold pieces.
You spent 60 gold pieces at shops.
You paid 221 gold pieces to Gozag.

Inventory:

Hand Weapons
 G - a +0 whip of freezing
 H - a +2 whip of electrocution (weapon)
Missiles
 i - 12 poisoned darts (quivered)
Armour
 h - a +1 hat of see invisible (worn)
 I - a +0 cloak (worn)
Magical Staves
 o - a staff of earth
 D - a staff of death
Jewellery
 c - a ring of ice
 m - an amulet of the acrobat (around neck)
 t - a ring of magical power (left hand)
Wands
 q - a wand of mindburst (12)
 z - a wand of acid (5)
 F - a wand of polymorph (18)
Scrolls
 b - 2 scrolls of enchant weapon {unknown}
 d - 3 scrolls of blinking {unknown}
 f - 2 scrolls of enchant armour {unknown}
 g - 3 scrolls of fog {unknown}
 p - 4 scrolls of identify {unknown}
 r - a scroll of holy word {unknown}
 u - 2 scrolls of amnesia {unknown}
 v - 2 scrolls of fear {unknown}
 y - 3 scrolls of magic mapping {unknown}
 A - 2 scrolls of torment {unknown}
 B - 2 scrolls of silence {unknown}
 C - a scroll of vulnerability {unknown}
Potions
 a - 3 potions of degeneration
 e - a potion of magic {unknown}
 j - 2 potions of resistance {unknown}
 k - 2 potions of heal wounds {unknown}
 l - a potion of might {unknown}
 n - 3 potions of lignification
 s - a potion of brilliance {unknown}
 w - 2 potions of curing {unknown}
 x - 2 potions of attraction {unknown}
 J - a potion of flight {unknown}


   Skills:
 + Level 4.6 Maces & Flails
 - Level 1.7 Dodging
 - Level 1.7 Stealth
 - Level 2.0 Spellcasting
 + Level 11.7 Conjurations
 * Level 9.8 Hexes


You had 6 spell levels left.
You knew the following spells:

 Your Spells              Type           Power      Damage    Failure   Level
a - Magic Dart            Conj           100%       1d8       1%          1
b - Searing Ray           Conj           100%       2d8       1%          2
c - Fulminant Prism       Conj/Hex       24%        3d13      1%          4

Your spell library contained the following spells:

 Spells                   Type           Power      Damage    Failure   Level
 Dazzling Flash           Conj/Hex       98%        N/A       1%          3
 Tukima's Dance           Hex            45%        N/A       1%          3
 Ensorcelled Hibernation  Hex/Ice        46%        N/A       2%          2
 Flame Wave               Conj/Fire      28%        2d6       12%         4
 Iskenderun's Mystic Bla  Conj/Tloc      28%        2d7       12%         4
 Apportation              Tloc           4%         N/A       14%         1
 Sting                    Tmut/Pois      8%         1d3       14%         1
 Passwall                 Tmut/Erth      1%         N/A       21%         2
 Poisonous Vapours        Pois/Air       4%         N/A       21%         2
 Scorch                   Fire           4%         2d5       21%         2
 Irradiate                Conj/Tmut      14%        3d18      34%         5
 Gell's Gravitas          Tloc           2%         N/A       38%         3
 Lesser Beckoning         Tloc           2%         N/A       38%         3
 Spider Form              Tmut/Pois      2%         N/A       38%         3
 Swiftness                Air            2%         N/A       38%         3
 Teleport Other           Tloc           2%         N/A       38%         3
 Olgreb's Toxic Radiance  Pois           2%         N/A       80%         4
 Alistair's Intoxication  Tmut/Pois      1%         N/A       98%         5
 Lee's Rapid Deconstruct  Erth           1%         3d5*      98%         5
 Summon Cactus Giant      Summ           1%         N/A       100%        6


Dungeon Overview and Level Annotations

Branches:
Dungeon (10/15)            Temple (1/1) D:4
   Lair: D:8-11         Orc: D:9-12

Altars:
Ashenzari
Cheibriados
Dithmenos
Fedhas
Gozag
Hepliaklqana
Kikubaaqudgha
Makhleb
Nemelex Xobeh
Okawaru
Qazlal
Ru
Sif Muna
Trog
Uskayaw
Vehumet
Wu Jian
Yredelemnul
Zin
The Shining One

Shops:
D:3 *

Annotations:
D:4 3 runed translucent doors, Adrian566's ghost, amateur TrFi
D:8 Maggie


Innate Abilities, Weirdness & Mutations

You can spit globs of acid.
Your golden yellow scales are hard. (AC +7)
You cannot fit into any form of body armour.
You are cold-blooded and may be slowed by cold attacks.
You are resistant to acid. (rCorr)


Message History

You feel sick. The hornet stings you.
You are more poisoned.
You feel as though you will be slow longer.
The hornet stings you.
You feel as though you will be slow longer.
You can move again.
Okay, then.
Throw: 13 darts (poison)
Press: ? - help, Q - select action, (/) - cycle Shift-Dir - straight line, f - hornet
Aim: a hornet (heavily wounded, 34% to hit)
You throw a poisoned dart. The poisoned dart misses the hornet.
The poisoned dart hits Maggie.
Maggie is moderately wounded.
You feel very sick.
The hornet stings you but does no damage. x2
Aiming: Corrosive Bolt
Press: ? - help, Shift-Dir - straight line, f/p - hornet
Aim: a hornet (heavily wounded, 57% to hit)
The bolt of acid hits the hornet!
The acid corrodes the hornet!
The hornet is almost dead.
The bolt of acid hits Maggie!
The acid corrodes Maggie!
Maggie is heavily wounded.
You feel very sick. The hornet stings you!
* * * LOW HITPOINT WARNING * * *
You feel as though you will be slow longer.
The hornet stings you but does no damage.
Maggie casts a spell.
Maggie draws you further into her thrall.
Okay, then.
Okay, then.
It was a potion of degeneration.
There was something very wrong with that liquid.
You feel weakened.
You feel dopey.
You feel clumsy.
* * * LOW HITPOINT WARNING * * *
You feel very sick.
The hornet stings you but does no damage.
The hornet stings you!
You die...
Your body crumbles into a pile of gold.

###.# #.#.#...#.#
####...###.#.....#.#
........#.....#.#
.....#####.......#.##
.................#..#
.########........#)##
. #..@....##.#.Z@#.#
. .#..##.###y#.# #
#.......#@#.##
#.#.#.#.#<#....#
#.@.#.#.#.######
##########.#.#..
...........#.####
############.# #.# #.


You could see Maggie (mesmerising, corroded), a hornet (corroded) and a howler
monkey zombie.

Vanquished Creatures
  Gastronok (D:9)
  Pikel (D:7)
  Maurice (D:9)
  3 centaur zombies
  Prince Ribbit (D:8)
  Grum (D:8)
  A steam dragon (D:7)
  3 wargs (D:9)
  Menkaure (D:7)
  3 water moccasins
  A black bear (D:6)
  6 orc warriors
  2 sky beasts
  An ogre (D:5)
  A necrophage (D:6)
  3 centaurs
  2 wolves
  A lemure (D:7)
  A phantom (D:5)
  A wyvern zombie (D:7)
  2 scorpions
  A water moccasin skeleton (D:6)
  5 howler monkeys
  3 wights (D:7)
  A hound (D:4)
  5 jellies
  2 centaur skeletons
  Jessica (D:3)
  Natasha (thrice) (D:3)
  7 orc wizards
  2 killer bee zombies
  A hound skeleton (D:4)
  A howler monkey zombie (D:8)
  7 gnolls
  2 adders
  A shadow imp (D:4)
  A white imp (D:5)
  An adder skeleton (D:4)
  A worm (D:2)
  4 dart slugs
  26 orcs
  7 endoplasms
  7 giant cockroaches
  6 hobgoblins
  6 jackals (D:1)
  7 kobolds
  4 quokkas
  11 ball pythons
  6 bats (D:1)
  2 frilled lizards
  5 goblins
  5 rats
178 creatures vanquished.

Vanquished Creatures (others)
  An orc (D:9)
  21 fulminant prisms
  17 plants (D:4)
  4 toadstools (D:1)
43 creatures vanquished.

Grand Total: 221 creatures vanquished

Notes
Turn   | Place    | Note
-------+----------+-------------------------------------------
     0 | D:1      | bearlyready the Draconian Conjurer began the quest for the
                  | Orb.
     0 | D:1      | Reached XP level 1. HP: 14/14 MP: 3/3
   434 | D:1      | Reached XP level 2. HP: 19/20 MP: 0/5
  1235 | D:1      | Got the Disquisition on Moulding
  1412 | D:1      | Reached skill level 5 in Conjurations
  1416 | D:1      | Reached XP level 3. HP: 26/26 MP: 1/6
  1429 | D:1      | Learned a level 2 spell: Searing Ray
  2732 | D:2      | Found a faded altar of an unknown god.
  2969 | D:2      | Reached XP level 4. HP: 32/33 MP: 3/7
  3478 | D:2      | Reached skill level 6 in Conjurations
  4327 | D:3      | Noticed Natasha
  4335 | D:3      | Killed Natasha
  4336 | D:3      | Reached XP level 5. HP: 37/38 MP: 2/8
  4426 | D:3      | Noticed Jessica
  4426 | D:3      | Noticed Natasha
  4428 | D:3      | Killed Jessica
  4431 | D:3      | Killed Natasha
  4448 | D:3      | Noticed Natasha
  4454 | D:3      | Killed Natasha
  4538 | D:3      | Found Coitycil's General Store.
  4546 | D:3      | Bought a scroll of teleportation for 30 gold pieces
  4546 | D:3      | Bought a potion of lignification for 30 gold pieces
  4903 | D:4      | Found an iron altar of Okawaru.
  4924 | D:4      | Reached skill level 7 in Conjurations
  4981 | D:4      | Noticed a steam dragon
  4982 | D:4      | Noticed Adrian566's ghost (amateur TrFi)
  4985 | D:4      | Found a runed translucent gate.
  4985 | D:4      | Found a runed translucent gate.
  4985 | D:4      | Found a runed translucent gate.
  5433 | D:4      | Reached XP level 6. HP: 45/45 MP: 1/9
  5673 | D:4      | Found a staircase to the Ecumenical Temple.
  5680 | Temple   | Entered the Ecumenical Temple
  5900 | D:4      | Reached skill level 8 in Conjurations
  6174 | D:4      | Found a glowing silver altar of Zin.
  6174 | D:4      | Noticed an angel
  6357 | D:5      | Entered Level 5 of the Dungeon
  6381 | D:5      | Noticed a sky beast
  6641 | D:5      | Your scales start taking on a golden yellow colour.
  6641 | D:5      | Reached XP level 7. HP: 50/50 MP: 5/10
  6641 | D:5      | Gained mutation: You are resistant to acid. (rCorr) [Yellow
                  | Draconian growth]
  6776 | D:5      | Reached skill level 9 in Conjurations
  6781 | D:5      | Learned a level 4 spell: Fulminant Prism
  7086 | D:5      | Reached skill level 1 in Hexes
  7989 | D:6      | Reached XP level 8. HP: 51/57 MP: 5/11
  8848 | D:6      | Reached skill level 10 in Conjurations
  8848 | D:6      | Reached skill level 5 in Hexes
  9321 | D:6      | Reached XP level 9. HP: 62/62 MP: 5/12
  9684 | D:7      | Noticed Pikel
  9696 | D:7      | Killed Pikel
 10094 | D:7      | Found a sparkling altar of Nemelex Xobeh.
 10238 | D:7      | You fall into a shaft and drop 3 floors!
 10238 | D:10     | Entered Level 10 of the Dungeon
 10413 | D:9      | Noticed Gastronok
 10438 | D:9      | Killed Gastronok
 10439 | D:9      | Reached skill level 11 in Conjurations
 10915 | D:9      | Reached XP level 10. HP: 51/69 MP: 13/13
 11500 | D:8      | Noticed Maurice
 11798 | D:9      | Killed Maurice
 12191 | D:8      | Noticed Grum
 12197 | D:8      | Killed Grum
 12354 | D:7      | Noticed Menkaure
 12497 | D:8      | Noticed Maggie
 12502 | D:8      | Noticed Prince Ribbit
 12506 | D:8      | Killed Prince Ribbit
 12601 | Temple   | Became a worshipper of Gozag Ym Sagoz the Greedy
 12745 | D:7      | Killed Menkaure
 12785 | D:7      | Found a stormy altar of Qazlal.
 13103 | D:8      | Paralysed by Maggie for 3 turns
 13108 | D:8      | Paralysed by a hornet for 3 turns
 13113 | D:8      | HP: 1/69 [poisoned by a hornet]
 13113 | D:8      | Mangled by a hornet

Illustrated notes

Levels and vault maps discovered:
D:1:      dpeg_arrival_subterranean_lakeside_camping, layout_loops_corners,
          minmay_gold_behind_fungi, minmay_tromino_v7
D:2:      layout_basic, hellmonk_ecumenical_altar_crossroads, grunt_ministairs_4
D:3:      layout_basic, serial_shops, shop, uniq_natasha, uniq_jessica
D:4:      layout_loops_ring, zin_angel, okawaru_ov_weapons_minmay,
          minmay_temple_entry_butterflies, gammafunk_ghost_split,
          serial_bayou_lagoon_a, dk_noncrumbling_4, serial_bayou_lake_a
D:5:      layout_basic, serial_glass, glass_columns_b, glass_columns_b,
          glass_columns_b, glass_columns_b, glass_columns_a, glass_columns_b
D:6:      layout_loops_ring, minmay_puff
D:7:      layout_rooms, kennysheep_mini, lemuel_tele_altar, uniq_menkaure,
          uniq_pikel
D:8:      layout_basic, elyvilon_altar_5, minmay_misc_feat_nine_boxes,
          uniq_maurice, uniq_grum, uniq_prince_ribbit1, uniq_maggie
D:9:      layout_layer_cave, minmay_orc_entry_guard_dogs, uniq_gastronok
D:10:     layout_loops_ring, lemuel_round_altar
Temple:   eino_temple_rhombus

Skill      XL: |  1  2  3  4  5  6  7  8  9 10 |
---------------+-------------------------------+-----
Conjurations   | 5 6 7 8 9 10 11 | 11.7
Hexes          | 3 6 8 9 |  9.8
Maces & Flails | 3 4 |  4.6
Dodging        | |  1.7
Stealth        | |  1.7
Spellcasting   | |  2.0

Action                   |  1- 3 |  4- 6 |  7- 9 | 10-12 || total
-------------------------+-------+-------+-------+-------++-------
Melee: Unarmed           |   142 |       |       |       ||   142
       Tailslap          |    17 |    12 |     3 |     4 ||    36
       Whip              |    66 |   128 |    93 |    88 ||   375
Throw: Throwing net      |       |     1 |       |       ||     1
       Dart              |       |     1 |     4 |     7 ||    12
 Cast: Magic Dart        |    47 |     2 |       |       ||    49
       Searing Ray       |     3 |    21 |    31 |     6 ||    61
       Fulminant Prism   |       |       |     3 |    18 ||    21
 Abil: Breathe Acid      |       |       |     7 |     7 ||    14
Evoke: Wand              |       |       |       |     1 ||     1
  Use: Potion            |       |       |     1 |     1 ||     2
       Scroll            |       |       |       |     2 ||     2
 Stab: Sleeping          |       |     1 |       |       ||     1
Armor: Skin              |    98 |    51 |    74 |    39 ||   262
Dodge: Dodged            |   199 |    95 |   128 |    91 ||   513

Table legend: (Time is in decaauts)
 A = Elapsed time spent in this place.
 B = Non-inter-level travel time spent in this place.
 C = Inter-level travel time spent in this place.
 D = Time resting spent in this place.
 E = Time spent auto-exploring this place.
 F = Levels seen in this place.
 G = Mean time per level.
                   A        B        C        D        E       F      G
               +--------+--------+--------+--------+--------+-----+--------+
         Total |  13250 |  12771 |    479 |    758 |  10021 |  11 | 1204.5 |
       Dungeon |  13037 |  12580 |    457 |    758 |   9868 |  10 | 1303.7 |
        Temple |    212 |    191 |     21 |      0 |    153 |   1 |  212.0 |
               +--------+--------+--------+--------+--------+-----+--------+

Top non-repeatable levels by time:
     D:1: 2501 daAuts
     D:9: 1709 daAuts
     D:5: 1553 daAuts
     D:6: 1513 daAuts
     D:4: 1486 daAuts
     D:3: 1398 daAuts
     D:7: 1190 daAuts
     D:2: 1019 daAuts
     D:8: 491 daAuts
  Temple: 212 daAuts
    D:10: 174 daAuts
